 Dungeon Crawl Stone Soup version 0.28.0-49-g6dfe1f597d (webtiles) character file.

Game seed: 548045525429407031

17126 Gabide the Cruncher (level 12, -14/81 HPs)
             Began as a Human Monk on May 17, 2022.
             Was an Elder of Sif Muna.
             Demolished by a red ugly thing (23 damage)
             ... on level 12 of the Dungeon.
             The game lasted 00:32:09 (14195 turns).

Gabide the Cruncher (Human Monk)                   Turns: 14195, Time: 00:32:10

Health: -14/81     AC: 12    Str: 11    XL:     12   Next: 78%
Magic:  20/20      EV: 15    Int: 16    God:    Sif Muna [****..]
Gold:   843        SH:  0    Dex: 22    Spells: 11/11 levels left

rFire   . . .      SeeInvis .   G - +8 quarterstaff of a bazaar {vorpal, rN+ Dex+2}
rCold   + . .      Faith    .   (shield currently unavailable)
rNeg    + + +      Spirit   .   a - +1 robe of Makhleb's Anger {rC+ rN++}
rPois   .          Reflect  .   (no helmet)
rElec   .          Harm     .   p - +1 cloak
rCorr   .          Rampage  .   q - +2 pair of gloves
Will    .....                   (no boots)
Stlth   ++........              u - amulet of regeneration
HPRegen 1.03/turn               c - +4 ring of protection
MPRegen 0.17/turn               d - +6 ring of intelligence

@: about to teleport
A: clumsy 1
a: Renounce Religion, Channel Magic, Forget Spell, Divine Exegesis


You were on level 12 of the Dungeon.
You worshipped Sif Muna.
Sif Muna was greatly pleased with you.
You visited 1 branch of the dungeon, and saw 12 of its levels.

You collected 843 gold pieces.

Inventory:

Hand Weapons
 f - a +0 halberd
 w - a +2 spear of venom
 x - a +7 trident
 G - the +8 quarterstaff of a bazaar (weapon) {vorpal, rN+ Dex+2}
   (You found it on level 8 of the Dungeon)

   It inflicts extra damage upon your enemies.
   Dex:       It affects your dexterity (+2).
   rN:        It protects you from negative energy.
Missiles
 C - 2 curare-tipped darts (quivered)
Armour
 a - the +1 robe of Makhleb's Anger (worn) {rC+ rN++}
   (You found it on level 7 of the Dungeon)

   rC:        It protects you from cold.
   rN:        It greatly protects you from negative energy.
 h - a +0 ring mail
 l - a +0 leather armour
 p - a +1 cloak (worn)
 q - a +2 pair of gloves (worn)
 r - a +0 troll leather armour
Jewellery
 c - a +4 ring of protection (left hand)
 d - a +6 ring of intelligence (right hand)
 e - a ring of wizardry
 o - a ring of fire
 u - an amulet of regeneration (around neck)
 y - a ring of positive energy
 A - a ring of flight
Wands
 b - a wand of flame (9)
 i - a wand of digging (4)
 B - a wand of mindburst (5)
 D - a wand of paralysis (8)
 E - a wand of acid (2)
 H - a wand of polymorph (14)
Scrolls
 g - 2 scrolls of teleportation
 n - a scroll of noise
 K - a scroll of magic mapping
 L - 3 scrolls of enchant armour
 M - a scroll of amnesia {unknown}
Potions
 j - 2 potions of attraction
 k - 2 potions of resistance
 m - 2 potions of heal wounds
 s - 5 potions of curing
 t - a potion of flight
 v - a potion of invisibility
 F - a potion of degeneration {unknown}
 I - a potion of might
Miscellaneous
 z - a tin of tremorstones (2/2)


   Skills:
 - Level 3.1 Fighting
 - Level 11.5(13.7) Polearms
 - Level 12.1(14.0) Staves
 - Level 4.5 Armour
 - Level 4.5 Dodging
 - Level 2.1 Stealth
 + Level 11.1 Invocations


You had 11 spell levels left.
You didn't know any spells.
Your spell library contained the following spells:

 Spells                   Type           Power      Damage    Failure   Level
 Animate Skeleton         Necr           0%         N/A       26%         1
 Magic Dart               Conj           0%         1d3       26%         1
 Pain                     Necr           0%         1d4       26%         1
 Sandblast                Erth           0%         2d4       26%         1
 Sting                    Tmut/Pois      0%         1d3       26%         1
 Blink                    Tloc           0%         N/A       36%         2
 Call Imp                 Summ           0%         N/A       36%         2
 Passwall                 Tmut/Erth      0%         N/A       36%         2
 Scorch                   Fire           0%         2d5       36%         2
 Lesser Beckoning         Tloc           0%         N/A       58%         3
 Mephitic Cloud           Conj/Pois/Air  0%         N/A       58%         3
 Stone Arrow              Conj/Erth      0%         3d7       58%         3
 Summon Guardian Golem    Hex/Summ       0%         N/A       58%         3
 Vampiric Draining        Necr           0%         2d6       58%         3
 Anguish                  Hex/Necr       0%         N/A       94%         4
 Animate Armour           Summ/Erth      0%         N/A       94%         4
 Flame Wave               Conj/Fire      0%         2d4       94%         4
 Leda's Liquefaction      Hex/Erth       0%         N/A       94%         4
 Petrify                  Tmut/Erth      0%         N/A       94%         4
 Alistair's Intoxication  Tmut/Pois      0%         N/A       100%        5
 Manifold Assault         Tloc           0%         N/A       100%        5
 Summon Cactus Giant      Summ           0%         N/A       100%        6
 Lehudib's Crystal Spear  Conj/Erth      0%         10d2      100%        8


Dungeon Overview and Level Annotations

Branches:
Dungeon (12/15)            Temple (0/1) D:5            Lair (0/6) D:9
    Orc (0/2) D:11

Altars:
Elyvilon
Fedhas
Gozag
Hepliaklqana
Nemelex Xobeh
Okawaru
Qazlal
Sif Muna
Uskayaw
Vehumet
Wu Jian
Xom
The Shining One
Jiyva

Annotations:
D:6 2 transporters
D:8 2 transporters


Innate Abilities, Weirdness & Mutations

You are clumsy. (Dex -2)


Message History

Sif Muna accepts your kill.
Your Invocations skill increases to level 11!
Found an escape hatch in the floor.
b - a wand of flame (9)
There is an open door here.
You now have 843 gold pieces (gained 15).
There is an open door here.
A red ugly thing comes into view.
A red ugly thing is nearby!
There is an open door here.
The red ugly thing headbutts you.
You are engulfed in flames!
You see here a +0 ring mail.
You completely miss the red ugly thing. You thump the red ugly thing!
The red ugly thing is moderately wounded.
The red ugly thing headbutts you!
You are engulfed in flames!
You hit the red ugly thing.
The red ugly thing is moderately wounded.
The red ugly thing headbutts you!
You are engulfed in flames!!
* * * LOW HITPOINT WARNING * * *
You are too injured to fight recklessly!
You are too injured to fight recklessly!
You are too injured to fight recklessly!
You are too injured to fight recklessly!
You are too injured to fight recklessly!
You are too injured to fight recklessly!
You are too injured to fight recklessly!
You are too injured to fight recklessly!
You are too injured to fight recklessly!
You are too injured to fight recklessly!
You are too injured to fight recklessly!
You are too injured to fight recklessly!
You are too injured to fight recklessly!
You are too injured to fight recklessly!
Okay, then.
As you read the scroll of teleportation, it crumbles to dust.
You feel strangely unstable. The red ugly thing headbutts you!
* * * LOW HITPOINT WARNING * * *
You are engulfed in flames!!
You die...

#.....#....'..# ..
#####.#....#### ......
##.##......####+#....#
#...#......#....#....#
#...#......#....#....#
#...#......#....#....#
#...#......#....#....#
###'#.u....###..#....#
#..#@...#####..#.....
#..'....#......#.....
#..#....#......#.....
..'..#....#......'.....
#...#..#....#.....†#.....
#..#####....#####'##...>.
#.. #.................#+
#. #.................#. #
#.................'.


You could see a red ugly thing.

Vanquished Creatures
  2 hydras (D:12)
  3 two-headed ogres
  3 ugly things
  A cyclops (D:11)
  3 manticores
  A gargoyle (D:11)
  A komodo dragon (D:12)
  8 trolls
  A hornet (D:9)
  A shadow (D:11)
  8 yaks
  2 wraiths
  A vampire (D:9)
  A wyvern (D:9)
  8 vampire mosquitoes
  A steam dragon (D:8)
  An acid dragon (D:9)
  A water moccasin (D:7)
  6 orc warriors
  An ice beast (D:8)
  A black bear (D:8)
  3 centaurs
  An ogre (D:11)
  2 necrophages (D:5)
  3 phantoms
  7 kobold brigands
  2 bullfrogs (D:6)
  3 gnoll sergeants (D:11)
  3 scorpions
  4 killer bees
  20 wights
  5 howler monkeys
  2 jellies
  4 centaur zombies (D:10)
  4 hounds
  A bullfrog skeleton (D:7)
  4 orc priests
  A centaur skeleton (D:6)
  Crazy Yiuf (D:5)
  5 iguanas
  10 orc wizards
  A hound zombie (D:3)
  7 gnolls
  6 adders
  2 ufetubi (D:5)
  2 adder skeletons (D:4)
  3 worms
  5 dart slugs
  34 orcs
  11 endoplasms
  3 giant cockroaches
  5 goblins
  8 hobgoblins
  2 jackals (D:2)
  20 kobolds
  4 quokkas
  3 ball pythons (D:1)
  7 bats
  2 frilled lizards
  8 rats
273 creatures vanquished.

Vanquished Creatures (collateral kills)
  A yak (D:5)
  An ogre (D:5)
2 creatures vanquished.

Vanquished Creatures (others)
  4 plants (D:1)
4 creatures vanquished.

Grand Total: 279 creatures vanquished

Notes
Turn   | Place    | Note
-------+----------+-------------------------------------------
     0 | D:1      | Gabide the Human Monk began the quest for the Orb.
     0 | D:1      | Reached XP level 1. HP: 18/18 MP: 1/1
    41 | D:1      | Reached XP level 2. HP: 19/24 MP: 2/2
   309 | D:1      | Reached skill level 1 in Armour
   407 | D:1      | Reached XP level 3. HP: 29/29 MP: 3/3
   502 | D:1      | Found a faded altar of an unknown god.
   538 | D:1      | Prayed at the altar of an unknown god.
   538 | D:1      | Became a worshipper of Sif Muna the Loreminder
   538 | D:1      | Reached * piety under Sif Muna
   538 | D:1      | Reached ** piety under Sif Muna
  1201 | D:2      | Reached XP level 4. HP: 33/35 MP: 4/4
  1397 | D:2      | Reached *** piety under Sif Muna
  1502 | D:2      | Noticed a scorpion
  1510 | D:2      | Gained mutation: You are clumsy. (Dex -2) [potion of
                  | mutation]
  1517 | D:2      | Killed a scorpion
  1518 | D:2      | Reached XP level 5. HP: 14/41 MP: 5/5
  3052 | D:3      | Reached skill level 5 in Polearms
  3052 | D:3      | Reached XP level 6. HP: 47/47 MP: 6/6
  3117 | D:3      | Found a radiant altar of Vehumet.
  4185 | D:4      | Found an opulent altar of Gozag.
  4575 | D:4      | Reached XP level 7. HP: 43/52 MP: 7/7
  4981 | D:4      | Reached **** piety under Sif Muna
  5184 | D:5      | Entered Level 5 of the Dungeon
  5437 | D:5      | Noticed a yak
  5437 | D:5      | Noticed a yak
  5439 | D:5      | Noticed a yak
  5447 | D:5      | Killed a yak
  5448 | D:5      | Reached XP level 8. HP: 58/58 MP: 8/8
  5477 | D:4      | Killed a yak
  5544 | D:4      | Killed a yak
  5719 | D:5      | Found a runed translucent door.
  5720 | D:5      | Noticed Crazy Yiuf
  5728 | D:5      | Killed Crazy Yiuf
  5954 | D:5      | Found a staircase to the Ecumenical Temple.
  6230 | D:5      | Found an ornate altar of the Wu Jian Council.
  6367 | D:5      | Reached skill level 10 in Polearms
  6374 | D:5      | Reached XP level 9. HP: 54/63 MP: 9/9
  6467 | D:6      | Found a sparkling altar of Nemelex Xobeh.
  6469 | D:6      | Noticed a slime creature
  6471 | D:6      | Found a transporter.
  6480 | D:6      | Noticed a two-headed ogre
  7670 | D:6      | Found a transporter.
  7972 | D:7      | Identified the +1 robe of Makhleb's Anger {rC+ rN++}
  8163 | D:7      | Found a hazy altar of Hepliaklqana.
  8607 | D:7      | Found a glowing golden altar of the Shining One.
  9254 | D:8      | Found a hide-covered altar of Uskayaw.
  9302 | D:8      | Identified the +8 quarterstaff of a bazaar {vorpal, rN+
                  | Dex+2}
  9368 | D:8      | Reached skill level 1 in Staves
  9373 | D:8      | Reached skill level 2 in Staves
  9386 | D:8      | Reached XP level 10. HP: 44/70 MP: 10/10
  9393 | D:8      | Reached skill level 3 in Staves
  9477 | D:8      | Reached skill level 4 in Staves
  9641 | D:8      | Reached skill level 5 in Staves
  9709 | D:8      | Found a transporter.
  9709 | D:8      | Found a viscous altar of Jiyva.
  9760 | D:8      | Reached ***** piety under Sif Muna
  9837 | D:8      | Found a transporter.
  9866 | D:8      | Reached skill level 6 in Staves
 10473 | D:9      | Reached skill level 7 in Staves
 10475 | D:9      | Noticed a purple ugly thing
 10489 | D:9      | Killed a purple ugly thing
 10490 | D:9      | Reached skill level 8 in Staves
 10495 | D:9      | Found a shimmering altar of Xom.
 10617 | D:9      | Received a gift from Sif Muna
 10622 | D:9      | Got Zapad's Tome of Darkness and Shape Shifting {god gift}
 10767 | D:9      | Noticed a two-headed ogre
 10776 | D:9      | Killed a two-headed ogre
 10777 | D:9      | Reached skill level 9 in Staves
 10777 | D:9      | Reached XP level 11. HP: 64/75 MP: 11/11
 10945 | D:9      | Found an iron altar of Okawaru.
 10963 | D:9      | Found a staircase to the Lair.
 11001 | D:9      | Noticed a manticore
 11013 | D:9      | Killed a manticore
 11014 | D:9      | Reached skill level 10 in Staves
 11505 | D:10     | Entered Level 10 of the Dungeon
 11509 | D:10     | Noticed a two-headed ogre
 11555 | D:9      | Killed a two-headed ogre
 11556 | D:9      | Reached skill level 11 in Staves
 11831 | D:10     | Found a white marble altar of Elyvilon.
 11889 | D:10     | Reached skill level 12 in Staves
 11953 | D:10     | Found a blossoming altar of Fedhas.
 12021 | D:10     | Reached skill level 1 in Invocations
 12093 | D:10     | Found a stormy altar of Qazlal.
 12735 | D:11     | Noticed a cyclops
 12744 | D:11     | Killed a cyclops
 12745 | D:11     | Reached skill level 5 in Invocations
 12795 | D:11     | Noticed a two-headed ogre
 12807 | D:11     | Killed a two-headed ogre
 12808 | D:11     | Reached XP level 12. HP: 76/81 MP: 14/16
 13164 | D:11     | Received a gift from Sif Muna
 13167 | D:11     | Got Sif Muna's Disquisition on Dusty Calling {god gift}
 13305 | D:11     | Found a staircase to the Orcish Mines.
 13938 | D:12     | Noticed a seven-headed hydra
 13950 | D:12     | Killed a seven-headed hydra
 13951 | D:12     | Reached skill level 10 in Invocations
 14001 | D:12     | Noticed a seven-headed hydra
 14051 | D:12     | Killed a seven-headed hydra
 14195 | D:12     | Demolished by a red ugly thing

Illustrated notes

Levels and vault maps discovered:
D:1:      eino_arrival_water_star, layout_rooms,
          hellmonk_ecumenical_altar_pennies_from_heaven, serial_forest,
          infiniplex_forest_clump_medium, infiniplex_forest_lined_room_2,
          infiniplex_forest_straight_4, infiniplex_forest_lined_1,
          infiniplex_forest_lined_2, infiniplex_forest_clump_diagonal,
          bh_walls_and_bars
D:2:      layout_loops_cross
D:3:      layout_basic, nicolae_vehumet_radiance, serial_park_tiny_2,
          grunt_decor_clamped
D:4:      layout_basic, nicolae_gozag_cash_rules_everything_around_me
D:5:      layout_cave_pools, nzn_wu_jian_council_hall, temple_fountains,
          chequers_jeans, uniq_crazy_yiuf_cottage
D:6:      layout_gridville, gammafunk_temple_overflow_arena
D:7:      layout_layer_cave, mainiacjoe_overflow_brackets,
          general_overflow_altar
D:8:      gammafunk_jiyva_shrine, layout_loops_corners,
          eat_drink_and_be_merry_uskayaw
D:9:      cheibrodos_elevator_heist, layout_stronghold, okawaru_trees_2,
          tgw_xom, lair_entry_dummy
D:10:     layout_cave_pods, grunt_temple_overflow_forces_of_nature,
          mainiacjoe_overflow_concentric_impassable
D:11:     layout_long_grid, kennysheep_orc_monster_closet_entryway
D:12:     layout_gridville, gauntlet_entry_generic

Skill      XL: |  1  2  3  4  5  6  7  8  9 10 11 12 |
---------------+-------------------------------------+-----
Armour         | 1 2 3 4 |  4.5
Polearms       | 4 5 6 8 10 11 | 11.5
Dodging        | 4 |  4.5
Staves         | 2 9 12 | 12.1
Invocations    | 6 11 | 11.1
Fighting       | |  3.1
Stealth        | |  2.1

Action                   |  1- 3 |  4- 6 |  7- 9 | 10-12 || total
-------------------------+-------+-------+-------+-------++-------
Melee: Spear             |   116 |   126 |       |       ||   242
       Punch             |     1 |       |     4 |       ||     5
       Halberd           |       |   130 |   162 |       ||   292
       Trident           |       |       |   121 |       ||   121
       Quarterstaff      |       |       |    27 |   459 ||   486
Throw: Dart              |       |       |       |     9 ||     9
Evoke: Wand              |       |       |       |    15 ||    15
  Use: Potion            |       |     2 |     1 |     7 ||    10
       Scroll            |       |     5 |    10 |    13 ||    28
 Stab: Sleeping          |     9 |     7 |     2 |     1 ||    19
       Distracted        |       |       |     1 |       ||     1
       Paralysed         |       |       |       |     5 ||     5
Armor: Robe              |     9 |       |    20 |   121 ||   150
       Ring mail         |     4 |    96 |    77 |       ||   177
       Skin              |       |       |       |    21 ||    21
Dodge: Dodged            |    46 |   119 |   155 |   284 ||   604
